 Dungeon Crawl Stone Soup version 0.31-a0-4-gefa6de2278 (webtiles) character file.

Game seed: 9578158762245400117

387 retardedninja the Firebug (level 6, -2/44 HPs)
             Began as a Gnoll Fire Elementalist on May 3, 2023.
             Slain by Edmund
             ... wielding a +1 flail of protection
              (8 damage)
             ... on level 4 of the Dungeon.
             The game lasted 00:06:02 (4356 turns).

retardedninja the Firebug (Gnoll Fire Elementalist) Turns: 4356, Time: 00:06:02

Health: -2/44      AC:  5    Str:  7    XL:     6   Next: 78%
Magic:  2/14       EV: 13    Int: 17    God:
Gold:   177        SH:  0    Dex: 12    Spells: 12/15 levels left

rFire   . . .        v - +1 mace (heavy)
rCold   . . .        (no shield)
rNeg    . . .        a - +0 robe
rPois   .            t - +0 helmet
rElec   .            (no cloak)
rCorr   .            (no gloves)
SInv    .            c - +1 pair of boots
Will    .....        (no amulet)
Stlth   +++          (no ring)
HPRegen 0.27/turn    (no ring)
MPRegen 0.14/turn

%: no passive effects
@: no status effects
A: fangs 1, strong nose, distributed training
a: no special abilities


You were on level 4 of the Dungeon.
You visited 1 branch of the dungeon, and saw 4 of its levels.

You collected 177 gold pieces.

Inventory:

Hand Weapons
 v - a +1 heavy mace (weapon)
Missiles
 g - a throwing net
Armour
 a - a +0 robe (worn)
 c - a +1 pair of boots (worn)
 t - a +0 helmet (worn)
Jewellery
 k - a ring of see invisible
Wands
 b - a wand of flame (17)
 p - a wand of polymorph (1)
Scrolls
 e - a scroll of enchant armour {unknown}
 f - a scroll of fog {unknown}
 h - 2 scrolls of identify {unknown}
 j - a scroll of brand weapon {unknown}
 l - a scroll of enchant weapon {unknown}
 m - a scroll of blinking {unknown}
 o - a scroll of magic mapping {unknown}
 s - 3 scrolls of teleportation {unknown}
Potions
 d - a potion of invisibility {unknown}
 i - a potion of might {unknown}
 n - a potion of cancellation {unknown}
 q - a potion of lignification {unknown}
 r - a potion of heal wounds {unknown}
 u - a potion of flight {unknown}


   Skills:
 + Level 2.2 Fighting
 + Level 2.2 Short Blades
 + Level 2.2 Long Blades
 + Level 2.2 Axes
 + Level 2.2 Maces & Flails
 + Level 2.2 Polearms
 + Level 2.2 Staves
 + Level 2.2 Ranged Weapons
 + Level 2.2 Throwing
 + Level 2.2 Armour
 + Level 5.1 Dodging
 + Level 4.7 Stealth
 + Level 2.2 Shields
 + Level 2.2 Unarmed Combat
 + Level 5.4 Spellcasting
 + Level 2.8 Conjurations
 + Level 1.7 Hexes
 + Level 1.7 Summonings
 + Level 1.7 Necromancy
 + Level 1.7 Translocations
 + Level 1.7 Transmutations
 + Level 5.7 Fire Magic
 + Level 1.7 Ice Magic
 + Level 1.7 Air Magic
 + Level 1.7 Earth Magic
 + Level 1.7 Poison Magic
 + Level 2.4 Invocations
 + Level 2.2 Evocations


You had 12 spell levels left.
You knew the following spells:

 Your Spells              Type           Power      Damage    Failure   Level
a - Foxfire               Conj/Fire      76%        2x1d7     2%          1
b - Scorch                Fire           48%        2d7       1%          2

Your spell library contained the following spells:

 Spells                   Type           Power      Damage    Failure   Level
 Magic Dart               Conj           56%        1d5       4%          1
 Inner Flame              Hex/Fire       17%        N/A       9%          3
 Volatile Blastmotes      Fire/Tloc      34%        2d12      9%          3
 Blink                    Tloc           20%        N/A       10%         2
 Call Imp                 Summ           20%        N/A       10%         2
 Mephitic Cloud           Conj/Pois/Air  11%        N/A       17%         3
 Flame Wave               Conj/Fire      19%        2d7       24%         4
 Manifold Assault         Tloc           10%        N/A       54%         4
 Passage of Golubria      Tloc           10%        N/A       54%         4
 Silence                  Hex/Air        5%         N/A       88%         5
 Storm Form               Tmut/Air       5%         N/A       100%        7
 Lehudib's Crystal Spear  Conj/Erth      6%         10d3      100%        8


Dungeon Overview and Level Annotations

Branches:
Dungeon (4/15)
 Temple: D:4-7

Altars:
Uskayaw

Annotations:
D:4 Edmund


Innate Abilities, Weirdness & Mutations

You have very sharp teeth.
Your uncanny sense of smell can sniff out nearby items.
Your experience applies equally to all skills.


Message History

Flames lash Edmund.
Edmund is burned terribly!
Edmund is almost dead.
Edmund barely misses you.
Unknown command.
Edmund hits you with a +1 flail of protection.
Casting: Foxfire (safe; 2% risk of failure)
Press: ? - help, Q - select action, (/) - cycle Dir - look around, f - activate You conjure some foxfire!
Edmund hits you with a +1 flail of protection!
The foxfire hits Edmund but does no damage.
Edmund is almost dead.
The foxfire hits Edmund but does no damage.
Edmund is almost dead.
Edmund barely misses you.
You barely miss Edmund. You bite Edmund, but do no damage.
Edmund is almost dead.
Edmund hits you with a +1 flail of protection!
Edmund misses you.
You hit Edmund but do no damage.
Edmund is almost dead.
Edmund barely misses you. Edmund completely misses you.
You hit Edmund.
Edmund is almost dead.
Edmund closely misses you.
Edmund hits you with a +1 flail of protection!
* * * LOW HITPOINT WARNING * * *
Aiming: Throw Flame
Press: ? - help, Q - select action, (/) - cycle Shift-Dir - straight line, f - Edmund
Aim: Edmund, wielding a +1 flail of protection and wearing a +0 ring mail (almost dead, more vulnerable to fire, 75% to hit)
The puff of flame hits Edmund.
Edmund is burned terribly!
Edmund is almost dead.
Edmund closely misses you.
You hit Edmund but do no damage.
Edmund is almost dead.
Edmund hits you with a +1 flail of protection.
* * * LOW HITPOINT WARNING * * *
You hit Edmund but do no damage.
Edmund is almost dead.
Edmund hits you with a +1 flail of protection!
You die...

.......### .........
...)..... .........
####........
#.......8...
#.#...8...8..
#..@@..).....#
#._..8.....8.##
#...........).#
#.#...8...8...##
#.......8......
####.........###.###
#................
#................
#................


You could see Edmund (combustible).

Vanquished Creatures
  Blork the orc (D:3)
  2 iguanas
  Ijyb (D:3)
  Terence (D:2)
  An orc wizard (D:3)
  Natasha (D:3)
  Robin (D:4)
  8 adders
  3 worms
  4 dart slugs
  5 orcs (D:3)
  8 endoplasms
  A giant cockroach (D:3)
  8 goblins
  8 hobgoblins
  3 jackals (D:1)
  3 quokkas
  5 ball pythons
  3 bats (D:3)
  A frilled lizard (D:2)
  2 kobolds
  4 rats
74 creatures vanquished.

Vanquished Creatures (collateral kills)
  A foxfire (D:1)
1 creature vanquished.

Vanquished Creatures (others)
  247 foxfires
247 creatures vanquished.

Grand Total: 322 creatures vanquished

Notes
Turn   | Place    | Note
-------+----------+-------------------------------------------
     0 | D:1      | retardedninja the Gnoll Fire Elementalist began the quest
                  | for the Orb.
     0 | D:1      | Reached XP level 1. HP: 13/13 MP: 6/6
   324 | D:1      | Reached XP level 2. HP: 17/19 MP: 2/7
   868 | D:1      | Learned a level 2 spell: Scorch
  1033 | D:2      | Reached skill level 5 in Spellcasting
  1033 | D:2      | Reached XP level 3. HP: 25/25 MP: 4/9
  1048 | D:2      | Reached skill level 1 in Invocations
  1091 | D:2      | Reached skill level 1 in Fighting
  1091 | D:2      | Reached skill level 1 in Short Blades
  1091 | D:2      | Reached skill level 1 in Long Blades
  1091 | D:2      | Reached skill level 1 in Axes
  1091 | D:2      | Reached skill level 1 in Maces & Flails
  1091 | D:2      | Reached skill level 1 in Polearms
  1091 | D:2      | Reached skill level 1 in Staves
  1091 | D:2      | Reached skill level 1 in Ranged Weapons
  1091 | D:2      | Reached skill level 1 in Throwing
  1091 | D:2      | Reached skill level 1 in Armour
  1091 | D:2      | Reached skill level 1 in Shields
  1091 | D:2      | Reached skill level 1 in Unarmed Combat
  1091 | D:2      | Reached skill level 1 in Evocations
  1233 | D:2      | Noticed Terence
  1248 | D:2      | Killed Terence
  1249 | D:2      | Reached XP level 4. HP: 6/32 MP: 3/11
  1530 | D:2      | Found a faded altar of an unknown god.
  1570 | D:2      | Reached skill level 1 in Hexes
  1570 | D:2      | Reached skill level 1 in Summonings
  1570 | D:2      | Reached skill level 1 in Necromancy
  1570 | D:2      | Reached skill level 1 in Translocations
  1570 | D:2      | Reached skill level 1 in Transmutations
  1570 | D:2      | Reached skill level 1 in Ice Magic
  1570 | D:2      | Reached skill level 1 in Air Magic
  1570 | D:2      | Reached skill level 1 in Earth Magic
  1570 | D:2      | Reached skill level 1 in Poison Magic
  2121 | D:3      | Noticed Ijyb
  2142 | D:3      | Killed Ijyb
  2143 | D:3      | Reached XP level 5. HP: 37/37 MP: 1/12
  3536 | D:4      | Noticed Blork the orc
  3545 | D:4      | Noticed Robin
  3551 | D:3      | Killed Blork the orc
  3552 | D:3      | Reached skill level 5 in Dodging
  3552 | D:3      | Reached XP level 6. HP: 35/44 MP: 1/14
  3649 | D:4      | Noticed Natasha
  3850 | D:3      | Killed Natasha
  4125 | D:4      | Killed Robin
  4329 | D:4      | Found a hide-covered altar of Uskayaw.
  4334 | D:4      | Noticed Edmund
  4356 | D:4      | Slain by Edmund

Illustrated notes

Levels and vault maps discovered:
D:1:      spicycebolla_arrival_clurvy, layout_basic, st_stairs_9
D:2:      layout_loops_ring, serial_aquarium, aquarium_bridge_square
          [aquarium_subvault_window, aquarium_subvault_wall,
          aquarium_subvault_bridge, aquarium_subvault_bridge],
          aquarium_bridge_square [aquarium_subvault_bridge,
          aquarium_subvault_bridge, aquarium_subvault_wall,
          aquarium_subvault_bridge], aquarium_window_fake, aquarium_window_fake,
          aquarium_view_2c, aquarium_view_2b, aquarium_balcony_3a,
          shapermc_ecumenical_altar_mp_ritualfount, minmay_indecisive_spiral,
          uniq_terence
D:3:      layout_loops_corners, uniq_ijyb
D:4:      layout_basic, nicolae_uskayaw_dance_hall,
          hangedman_abyss_or_decor_lesser_grid, uniq_blork_the_orc, uniq_edmund,
          uniq_robin, uniq_natasha, uniq_duvessa

Skill      XL: |  1  2  3  4  5 |
---------------+----------------+-----
Conjurations   | 2 |  2.8
Spellcasting   | 5 |  5.4
Invocations    | 1 2 |  2.4
Fighting       | 1 2 |  2.2
Short Blades   | 1 2 |  2.2
Long Blades    | 1 2 |  2.2
Axes           | 1 2 |  2.2
Maces & Flails | 1 2 |  2.2
Polearms       | 1 2 |  2.2
Staves         | 1 2 |  2.2
Ranged Weapons | 1 2 |  2.2
Throwing       | 1 2 |  2.2
Armour         | 1 2 |  2.2
Shields        | 1 2 |  2.2
Unarmed Combat | 1 2 |  2.2
Evocations     | 1 2 |  2.2
Hexes          | 1 |  1.7
Summonings     | 1 |  1.7
Necromancy     | 1 |  1.7
Translocations | 1 |  1.7
Transmutations | 1 |  1.7
Ice Magic      | 1 |  1.7
Air Magic      | 1 |  1.7
Earth Magic    | 1 |  1.7
Poison Magic   | 1 |  1.7
Dodging        | 5 |  5.1
Stealth        | |  4.7
Fire Magic     | |  5.7

Action                     |  1- 3 |  4- 6 || total
---------------------------+-------+-------++-------
  Melee: Trident           |    12 |     8 ||    20
         Bite              |       |     2 ||     2
         Mace              |       |     5 ||     5
   Cast: Foxfire           |    57 |    92 ||   149
         Scorch            |     8 |    30 ||    38
  Evoke: Wand              |       |     4 ||     4
    Use: Potion            |     1 |       ||     1
 Armour: Robe              |     9 |    16 ||    25
  Dodge: Dodged            |    53 |    47 ||   100

Table legend: (Time is in decaauts)
 A = Elapsed time spent in this place.
 B = Non-inter-level travel time spent in this place.
 C = Inter-level travel time spent in this place.
 D = Time resting spent in this place.
 E = Time spent auto-exploring this place.
 F = Levels seen in this place.
 G = Mean time per level.
                   A        B        C        D        E       F      G
               +--------+--------+--------+--------+--------+-----+--------+
         Total |   4366 |   4196 |    170 |   1095 |   2481 |   4 | 1091.5 |
       Dungeon |   4366 |   4196 |    170 |   1095 |   2481 |   4 | 1091.5 |
               +--------+--------+--------+--------+--------+-----+--------+

Top non-repeatable levels by time:
     D:3: 1983 daAuts
     D:2: 1209 daAuts
     D:1: 906 daAuts
     D:4: 267 daAuts
